 Dungeon Crawl Stone Soup version 0.19.5 (webtiles) character file.

245 Kosschaser the Sneak (level 6, -2/32 HPs)
             Began as a Vine Stalker Assassin on Mar 2, 2017.
             Slain by an orc
             ... wielding a +0 trident
              (3 damage)
             ... on level 5 of the Dungeon.
             The game lasted 00:10:34 (2362 turns).

Kosschaser the Sneak (Vine Stalker Assassin)        Turns: 2362, Time: 00:10:36

Health: -2/32      AC:  4    Str: 13    XL:     6   Next: 10%
Magic:  0/7        EV: 12    Int:  9    God:
Gold:   160        SH:  0    Dex: 18    Spells: 0 memorised, 5 levels left

rFire  . . .     SeeInvis .     a - +2 dagger
rCold  . . .     Gourm    .     c - +0 robe
rNeg   . . .     Faith    .     (no shield)
rPois  .         Spirit   +     (no helmet)
rElec  .         Reflect  .     d - +0 cloak
rCorr  .         Harm     .     (no gloves)
MR     .....                    m - +0 pair of boots
Stlth  ++++......               (no amulet)
                                (no ring)
                                t - -2 ring of intelligence (curse)

@: no status effects
A: fangs 2, regeneration 1, magic shield, antimagic bite, no device heal 3, rot
immunity
a: no special abilities


You were on level 5 of the Dungeon.
You were hungry.

You visited 1 branch of the dungeon, and saw 5 of its levels.

You collected 160 gold pieces.

Inventory:

Hand Weapons
 a - a +2 dagger (weapon)
 b - a +0 blowgun
Missiles
 e - 20 poisoned needles
 f - 2 curare-tipped needles
Armour
 c - a +0 robe (worn)
 d - a +0 cloak (worn)
 m - a +0 pair of boots (worn)
Jewellery
 t - a cursed -2 ring of intelligence (left hand)
Scrolls
 j - a scroll of amnesia {unknown}
 q - 2 scrolls of teleportation {unknown}
 s - a scroll of recharging {unknown}
 v - a scroll of remove curse
Potions
 o - 3 potions of curing {unknown}
 p - 2 potions of degeneration {unknown}
 w - a potion of mutation {unknown}
 x - a potion of might {unknown}
Comestibles
 g - 6 bread rations
 i - 7 fruits
 l - 2 meat rations
 n - a slice of pizza
 u - a royal jelly


   Skills:
 + Level 2.4 Fighting
 + Level 2.6 Short Blades
 + Level 2.2 Throwing
 + Level 1.6 Dodging
 * Level 7.5 Stealth


You had 5 spell levels left.
You didn't know any spells.

Dungeon Overview and Level Annotations

Branches:
Dungeon (5/15)
 Temple: D:4-7

Altars:


Innate Abilities, Weirdness & Mutations

You have extremely sharp teeth.
Your natural rate of healing is unusually fast.
When hurt, damage is shared between your health and your magic reserves.
Your bite disrupts and absorbs the magic of your enemies.
Potions and wands cannot restore your health.
You are immune to rotting.


Message History

You hit the orc priest.
The orc priest is severely wounded.
The orc hits you from afar with a trident.
* * * LOW HITPOINT WARNING * * *
The orc misses you.
The orc priest mumbles some strange prayers to Beogh against you.
Beogh smites you!
* * * LOW HITPOINT WARNING * * *
You hit the orc priest. You bite the orc priest. You drain its power.
You feel invigorated.
You kill the orc priest!
You have reached level 6!
Your experience leads to an increase in your attributes!
Your base attributes are Str 13, Int 11, Dex 17.
Increase (S)trength, (I)ntelligence, or (D)exterity?
You feel agile. The orc hits you with a falchion.
* * * LOW HITPOINT WARNING * * *
The orc hits you from afar with a trident.
You die...

.. ... #...
## ##...[
#.###......
#.#........
#..o......
##o).......
#.@........
#..o#..#....
#..##.###
#.. ...# ##
# ....# ..##
.


You could see 3 orcs.

Vanquished Creatures
  An orc priest (D:5)
  An iguana (D:4)
  A worker ant (D:4)
  A gnoll (D:1)
  4 adders
  An ooze (D:3)
  2 worms (D:2)
  3 dart slugs
  5 leopard geckos
  7 orcs
  11 bats
  3 giant cockroaches
  7 goblins
  12 hobgoblins
  9 jackals
  4 kobolds
  3 quokkas
  3 ball pythons
  5 frilled lizards
  2 rats (D:1)
85 creatures vanquished.

Notes
Turn   | Place    | Note
-------+----------+-------------------------------------------
     0 | D:1      | Kosschaser the Vine Stalker Assassin began the quest for the Orb.
     0 | D:1      | Reached XP level 1. HP: 11/11 MP: 2/2
    41 | D:1      | Reached skill level 5 in Stealth
    64 | D:1      | Reached XP level 2. HP: 12/15 MP: 3/3
   318 | D:1      | Reached XP level 3. HP: 8/18 MP: 4/4
   453 | D:1      | Reached skill level 6 in Stealth
  1061 | D:2      | Reached skill level 1 in Dodging
  1134 | D:2      | Gained mutation: Your natural rate of healing is unusually fast. [Vine Stalker growth]
  1134 | D:2      | Reached XP level 4. HP: 18/23 MP: 5/5
  1897 | D:3      | Reached XP level 5. HP: 26/26 MP: 6/6
  2015 | D:3      | Reached skill level 7 in Stealth
  2315 | D:4      | Noticed an ogre
  2353 | D:5      | Entered Level 5 of the Dungeon
  2361 | D:5      | HP: 1/26 [orc priest/divine providence (6)]
  2362 | D:5      | Reached XP level 6. HP: 1/32 MP: 1/7
  2362 | D:5      | Slain by an orc

Skill      XL: |  1  2  3  4  5 |
---------------+----------------+-----
Stealth        | 5 6 7 |  7.5
Short Blades   | 2 |  2.6
Dodging        | 1 |  1.6
Fighting       | 2 |  2.4
Throwing       | 2 |  2.2

Action                   |  1- 3 |  4- 6 || total
-------------------------+-------+-------++-------
Melee: Dagger            |    93 |   160 ||   253
       Bite              |    16 |    51 ||    67
 Fire: Blowgun           |    11 |     4 ||    15
Throw: Tomahawk          |     5 |    14 ||    19
  Use: Scroll            |       |     6 ||     6
 Stab: Sleeping          |     2 |    14 ||    16
  Eat: Chunk             |     1 |     3 ||     4
Armor: Robe              |    29 |    33 ||    62
Dodge: Dodged            |    66 |   101 ||   167
